 Dungeon Crawl Stone Soup version 0.18-a0-1745-gffa9a88 (webtiles) character file.

198 Keker the Skirmisher (level 5, -2/34 HPs)
             Began as a Gargoyle Fighter on Apr 11, 2016.
             Killed from afar by an orc wizard (7 damage)
             ... with a magic dart
             ... on level 4 of the Dungeon.
             The game lasted 00:12:32 (2180 turns).

Keker the Skirmisher (Gargoyle Fighter)             Turns: 2180, Time: 00:13:03

Health: -2/34      AC: 16    Str: 20    XL:     5   Next: 76%
Magic:  5/5        EV:  5    Int:  9    God:
Gold:   107        SH:  9    Dex:  9    Spells: 0 memorised, 4 levels left

rFire  . . .     SeeInvis .     a - +0 flail
rCold  . . .     Gourm    .     v - +0 chain mail
rNeg   + . .     Faith    .     c - +0 shield
rPois  ∞         Spirit   .     D - +2 helmet
rElec  +         Dismiss  .     (no cloak)
rCorr  .         Reflect  .     (no gloves)
SustAt .         Harm     +     (no boots)
MR     +....                    C - amulet of harm
Stlth  ..........               t - ring of stealth
                                b - ring of protection from magic

@: somewhat resistant to hostile enchantments, extremely unstealthy
A: negative energy resistance 1, electricity resistance, unbreathing,
petrification resistance, rot immunity, AC +4
a: no special abilities


You were on level 4 of the Dungeon.
You were not hungry.

You visited 1 branch of the dungeon, and saw 4 of its levels.

You collected 107 gold pieces.

Inventory:

Hand Weapons
 a - a +0 flail (weapon)
Armour
 c - a +0 shield (worn)
 v - a +0 chain mail (worn)
 D - a +2 helmet (worn)
Jewellery
 b - a ring of protection from magic (left hand)
 k - an uncursed ring of positive energy
 n - an uncursed ring of wizardry
 t - a ring of stealth (right hand)
 w - an uncursed ring of ice
 C - an amulet of harm (around neck)
Wands
 y - a wand of iceblast (8/15)
Scrolls
 e - a scroll of recharging {unknown}
 g - 2 scrolls of enchant armour {unknown}
 h - 3 scrolls of blinking {unknown}
 j - a scroll of noise {unknown}
 m - 5 scrolls of identify {unknown}
 o - 2 scrolls of fear {unknown}
 r - 4 scrolls of enchant weapon {unknown}
 u - a scroll of teleportation {unknown}
Potions
 d - 2 potions of might
 i - a potion of haste {unknown}
 l - a potion of resistance {unknown}
 p - a potion of ambrosia {unknown}
 q - a potion of heal wounds {unknown}
 x - a potion of degeneration {unknown}
 z - a potion of flight {unknown}
 A - a potion of invisibility {unknown}
Comestibles
 f - 3 bread rations
 s - 4 meat rations


   Skills:
 + Level 4.5 Fighting
 * Level 4.3 Maces & Flails
 + Level 4.2 Armour
 - Level 3.2 Shields


You had 4 spell levels left.
You didn't know any spells.

Dungeon Overview and Level Annotations

Branches:
Dungeon (4/15)
 Temple: D:4-7

Altars:
Nemelex Xobeh
Vehumet


Innate Abilities, Weirdness & Mutations

You are resistant to torment.
Your stone body is resilient (AC +4).
You are immune to poison.
You resist negative energy.
You are resistant to electric shocks.
You can survive without breathing.
You are immune to petrification.
You are immune to rotting.


Message History

The orc wizard seems to speed up.
You block the giant cockroach's attack.
You closely miss the orc wizard. The hound bites you but does no damage.
The orc wizard hits you but does no damage.
The hound bites you.
* * * LOW HITPOINT WARNING * * *
The giant cockroach bites you but does no damage.
The orc wizard barely misses you. You block the hound's attack.
You closely miss the orc wizard.
The orc wizard hits you but does no damage.
The giant cockroach bites you but does no damage.
The hound barely misses you.
The orc wizard hits you but does no damage.
You block the giant cockroach's attack. You block the hound's attack.
You sock the orc wizard!
The orc wizard is almost dead.
The orc wizard hits you but does no damage.
You block the giant cockroach's attack. The hound barely misses you.
The orc wizard points at you and mumbles some strange words.
The magic dart hits you!
You die...

#. ##.# . >.. ##. ##.##
#.. ....# #.# .#
....#####.# ######...##
....##.##.####oh@o......
......#.#.##..oso.......
....##......o#..........
..<.##.##.##.######...##
....##.##...o# ...#
######.##.#..# ..#
#.##....# .# #.###.#.#
.# #......o#######


You could see a hound, 3 orc wizards, 2 orcs and a giant cockroach.

Vanquished Creatures
  An orc wizard (D:3)
  Robin (D:3)
  5 adders
  An ooze (D:2)
  3 worms (D:2)
  4 dart slugs
  3 giant geckos
  12 orcs
  A ball python (D:3)
  10 bats
  3 giant cockroaches
  16 goblins
  4 hobgoblins
  A giant newt (D:2)
  6 kobolds
  8 rats
79 creatures vanquished.

Notes
Turn   | Place    | Note
--------------------------------------------------------------
     0 | D:1      | Keker the Gargoyle Fighter began the quest for the Orb.
     0 | D:1      | Reached XP level 1. HP: 14/14 MP: 1/1
    88 | D:1      | Reached XP level 2. HP: 14/19 MP: 2/2
   508 | D:2      | Reached XP level 3. HP: 22/23 MP: 3/3
   726 | D:2      | Reached XP level 4. HP: 16/29 MP: 4/4
  1284 | D:3      | Reached XP level 5. HP: 34/34 MP: 5/5
  1372 | D:3      | Found a faded altar to an unknown god.
  1464 | D:3      | Found a radiant altar of Vehumet.
  1662 | D:3      | Found a sparkling altar of Nemelex Xobeh.
  1740 | D:4      | Noticed Robin
  1755 | D:3      | Killed Robin
  2180 | D:4      | Killed from afar by an orc wizard

Vault maps used:
D:1:      roderic_crop_circles_arrival_small
D:2:      first_bread, minmay_box_of_dots
D:3:      nemelex_altar_shiori, lemuel_crystal_altar, ecumenical_altar_1
D:4:      nicolae_overflow_crystal_walls, lemuel_temple_firewalk,
          uniq_crazy_yiuf_cottage, uniq_robin

Skill      XL: |  1  2  3  4  5 |
---------------+----------------+-----
Maces & Flails | 3 4 |  4.3
Fighting       | 4 |  4.5
Armour         | 4 |  4.2
Shields        | |  3.2

Action                   |  1- 3 |  4- 6 || total
-------------------------+-------+-------++-------
Melee: Flail             |   116 |   239 ||   355
  Eat: Chunk             |       |     5 ||     5
